Map: Interloper LE

Players

stormerkr - Winner!

  • Race: Terran Terran
  • Spawn Location: 5:00

Juxtapose

  • Race: Protoss Protoss
  • League: Gold
  • Spawn Location: 11:00

VOD

https://youtu.be/xBRbP_8r-HA

Description

This is my first public Multiplayer game of StarCraft II: Legacy of the Void in about a week and a half, and I have some rust to knock off, so to speak.

While I believe my opponent was either doing Placement or an Unranked match, post-game I looked at his Profile and it looks like he's a Diamond player.

Regardless, he's definitely better than me as he did some excellent macro and completely contained and outplayed me. This was a good learning experience.

Time

  • Played on: Oct. 21, 2017, 11:23 a.m.
  • Length: 13:44
Show
View Real Time Build Order
Export as new Build Order

stormerkr Terran - Winner!

Build Orders:  

Get SALT Encoding   

  12  0:01  SCV  
  13  0:17  Supply Depot  
  13  0:19  SCV  
  14  0:31  SCV  
  15  0:41  Barracks  
  15  0:44  SCV  
  16  0:56  SCV  
  17  1:09  Supply Depot  
  17  1:10  SCV  
  18  1:13  Refinery  
  18  1:23  SCV  
  19  1:33  Marine, Supply Depot  
  19  1:35  Orbital Command  
  20  1:49  Refinery  
  20  2:01  SCV  
  21  2:13  Command Center  
  21  2:15  SCV  
  22  2:27  Factory  
  22  2:31  SCV  
  22  2:32  Barracks Reactor  
  23  2:38  Engineering Bay  
  23  2:44  SCV  
  24  2:58  SCV  
  24  3:02  Supply Depot  
  25  3:09  Missile Turret  
  25  3:10  SCV  
  26  3:26  Orbital Command  
  26  3:32  Missile Turret  
  26  3:36  Cyclone x2  
  32  3:48  Missile Turret  
  32  3:49  Factory, Orbital Command  
  32  3:52  SCV  
  33  4:02  Barracks Reactor  
  33  4:05  SCV  
  34  4:11  Missile Turret  
  34  4:19  SCV  
  34  4:20  SCV  
  36  4:31  SCV  
  36  4:32  SCV  
  36  4:35  Starport  
  38  4:43  SCV  
  38  4:44  SCV  
  40  4:50  Command Center  
  40  4:55  SCV  
  40  4:56  SCV  
  42  5:07  SCV  
  42  5:08  SCV  
  44  5:18  Refinery  
  44  5:20  SCV x2  
  44  5:21  Starport Reactor, Supply Depot  
  46  5:22  Refinery  
  46  5:23  Armory, Supply Depot  
  46  5:27  Armory  
  46  5:30  Widow Mine x4  
  54  5:43  SCV x2  
  54  5:45  Supply Depot  
  56  5:50  Supply Depot x2  
  56  5:55  SCV x2  
  58  6:06  Orbital Command  
  58  6:07  SCV  
  58  6:10  Cyclone x2  
  65  6:13  SCV  
  65  6:16  Missile Turret  
  66  6:20  SCV  
  66  6:25  SCV  
  71  6:32  Cyclone  
  71  6:33  Cyclone  
  71  6:37  SCV  
  75  6:42  Cyclone  
  75  6:45  Barracks Tech Lab  
  78  6:50  Factory  
  78  6:56  Orbital Command  
  78  6:58  Refinery  
  78  7:01  Cyclone  
  81  7:04  Refinery, Cyclone  
  84  7:16  Supply Depot  
  84  7:17  Terran Vehicle Weapons Level 1, Supply Depot  
  84  7:18  Supply Depot  
  84  7:26  SCV x2  
  84  7:35  Factory Tech Lab  
  82  7:37  Viking x2  
  86  7:46  SCV  
  86  7:47  SCV  
  88  7:57  Cyclone x3  
  94  7:59  SCV x2  
  87  8:11  SCV x2  
  89  8:14  SCV  
  89  8:17  Widow Mine  
  89  8:18  Liberator x2  
  89  8:24  SCV  
  89  8:25  Factory  
  89  8:26  Factory, SCV  
  91  8:28  Widow Mine x2  
  95  8:36  SCV  
  95  8:41  SCV  
  97  8:48  SCV  
  98  8:50  Command Center  
  98  8:53  SCV  
  99  9:03  Ghost Academy  
  99  9:05  SCV  
  99  9:07  Liberator x2  
  99  9:09  Barracks, Widow Mine x3  
  100  9:11  Factory Reactor, Factory Tech Lab, Terran Vehicle And Ship Armor Level 1  
  106  9:26  Widow Mine x2  
  106  9:29  Refinery  
  106  9:30  Refinery  
  116  9:32  Missile Turret  
  116  9:35  Cyclone, Supply Depot  
  119  9:38  Cyclone x2  
  119  9:40  Drilling Claws, Supply Depot  
  119  9:42  Supply Depot  
  125  9:46  Terran Infantry Weapons Level 1  
  125  9:54  Cyclone x2  
  125  9:58  Barracks  
  131  10:02  Sensor Tower  
  131  10:06  Cyclone  
  132  10:24  Cyclone x3  
  139  10:42  Cyclone x4  
  151  10:50  Planetary Fortress  
  151  10:55  Command Center  
  151  11:02  Cyclone x2  
  155  11:10  Cyclone x2  
  159  11:20  Barracks Tech Lab  
  159  11:21  Barracks Tech Lab  
  159  11:27  Ghost  
  161  11:33  Missile Turret  
  161  11:35  Cyclone x2  
  161  11:36  Cyclone  
  170  11:40  Sensor Tower  
  149  11:58  Hellion x2  
  149  11:59  Cyclone x3  
  150  12:07  Cyclone  
  144  12:08  Cyclone x2  
  147  12:19  Cyclone  
  147  12:24  Orbital Command  
  147  12:35  Cyclone  
  147  12:36  Cyclone  
  153  12:38  Liberator x2  
  153  12:40  SCV  
  153  12:42  Refinery  
  154  12:44  Cyclone  
  154  12:45  Cyclone x2  
  163  12:52  Refinery  
  172  13:12  Cyclone  
Show
View Real Time Build Order
Export as new Build Order

Juxtapose Protoss 

Build Orders: Oracle Opening 

Get SALT Encoding   

  12  0:01  Probe (Chrono Boost)  
  13  0:12  Probe (Chrono Boost)  
  14  0:22  Pylon  
  14  0:23  Probe (Chrono Boost)  
  15  0:40  Probe (Chrono Boost)  
  15  0:41  Gateway  
  16  0:51  Probe (Chrono Boost)  
  16  0:55  Assimilator  
  17  1:01  Probe (Chrono Boost)  
  17  1:03  Assimilator  
  18  1:10  Pylon  
  18  1:12  Probe (Chrono Boost)  
  19  1:22  Probe (Chrono Boost)  
  20  1:33  Probe (Chrono Boost)  
  20  1:34  Cybernetics Core  
  21  1:43  Probe (Chrono Boost)  
  22  1:56  Probe (Chrono Boost)  
  22  1:59  Zealot  
  24  2:07  Probe (Chrono Boost)  
  24  2:08  Pylon  
  25  2:12  Warp Gate  
  25  2:24  Stargate  
  25  2:33  Mothership Core (Chrono Boost)  
  27  3:11  Oracle (Chrono Boost)  
  30  3:17  Adept  
  32  3:22  Pylon  
  32  3:29  Forge  
  32  3:31  Twilight Council  
  32  3:36  Nexus  
  32  3:42  Pylon  
  32  3:44  Pylon  
  32  3:53  Probe  
  33  3:59  Pylon  
  33  4:05  Probe  
  33  4:08  Adept  
  33  4:29  Gateway x2  
  33  4:33  Pylon  
  33  4:41  Pylon  
  33  4:42  Probe  
  33  4:44  Pylon  
  34  4:48  Probe  
  35  4:54  Probe  
  32  5:11  Probe  
  32  5:12  Probe  
  32  5:15  Photon Cannon  
  32  5:21  Resonating Glaives (Chrono Boost)  
  32  5:27  Robotics Facility  
  32  5:31  Photon Cannon  
  32  5:34  Probe  
  33  5:43  Pylon  
  33  5:47  Adept x2  
  37  5:51  Probe  
  37  5:52  Probe  
  39  6:01  Probe  
  39  6:02  Protoss Ground Weapons Level 1  
  40  6:04  Probe  
  41  6:12  Probe  
  41  6:14  Adept  
  41  6:16  Probe  
  41  6:17  Adept  
  47  6:22  Probe  
  48  6:28  Probe  
  48  6:29  Observer  
  50  6:33  Probe  
  50  6:38  Assimilator  
  51  6:40  Probe  
  51  6:42  Assimilator  
  52  6:53  Stalker  
  52  6:54  Stalker x2  
  58  7:06  Warp Prism  
  60  7:19  Robotics Bay  
  60  7:26  Probe  
  59  7:37  Stalker x3  
  65  7:47  Immortal  
  65  7:59  Mothership Core  
  53  8:06  Adept x3  
  51  8:26  Immortal  
  51  8:43  Protoss Ground Armor Level 1  
  51  8:45  Extended Thermal Lance  
  51  8:52  Gateway  
  51  9:00  Gateway  
  51  9:05  Observer  
  51  9:06  Probe  
  51  9:07  Probe  
  54  9:13  Stalker  
  54  9:14  Stalker x2  
  60  9:19  Probe  
  61  9:27  Immortal  
  65  9:44  Stalker x2  
  65  9:45  Adept  
  71  9:48  Pylon  
  69  10:05  Colossus  
  75  10:14  Adept  
  75  10:15  Adept x3  
  83  10:39  Nexus  
  83  10:42  Pylon  
  81  10:45  Pylon  
  81  10:48  Adept x2  
  81  10:49  Pylon, Adept x2  
  88  11:19  Stalker x2  
  88  11:20  Stalker x2  
  96  11:27  Immortal  
  79  12:00  Zealot x4  
  72  12:02  Zealot  
  72  12:06  Immortal  
  58  12:29  Mothership Core  
  58  12:30  Pylon  
  58  12:33  Pylon  
  58  12:35  Phoenix  
  62  12:42  Stalker x3  
  68  12:45  Immortal  
  72  12:59  Phoenix  
  74  13:16  Adept x4  
Tags
 
League
Gold
Matchup
PvT
Spawn Locations
Cross Positions
Add a new tag
Caveats
  • Supply blocks, unpowered buildings, or Contaminate may cause inaccurate times.
  • Supply counts are checked every 10 seconds.